 Dungeon Crawl Stone Soup version 0.25-a0-1133-g93ebf739aa (webtiles) character file.

Game seed: 2441468722220550212, levelgen mode: deterministic

12429 Flugslaktarn the Cleaver (level 11, 0/102 HPs)
             Began as a Deep Dwarf Fighter on May 21, 2020.
             Was a Priest of Makhleb.
             Slain by a gargoyle
             ... wielding a +1 flail of holy wrath
              (10 damage)
             ... in a Gauntlet.
             The game lasted 00:05:23 (5794 turns).

Flugslaktarn the Cleaver (Deep Dwarf Fighter)       Turns: 5794, Time: 00:05:23

Health: 0/102      AC: 19    Str: 23    XL:     11   Next: 62%
Magic:  11/11      EV:  7    Int:  9    God:    Makhleb [***...]
Gold:   447        SH: 12    Dex: 12    Spells: 10/10 levels left

rFire    . . .     SeeInvis .   J - +1 war axe (freeze)
rCold    . . .     Gourm    .   c - +0 kite shield
rNeg     . . .     Faith    .   F - +0 chain mail
rPois    .         Spirit   .   v - +2 helmet
rElec    .         Reflect  .   (no cloak)
rCorr    .         Harm     .   D - +0 pair of gloves
MR       +....     NoTele   +   o - +2 pair of boots
Stlth    ..........             (no amulet)
HPRegen  0.00/turn              (no ring)
MPRegen  0.12/turn              (no ring)

@: berserk cooldown, non-regenerating, slowed, very slow
A: damage resistance, heal wounds, sense surroundings 2, no regeneration
a: Heal Wounds, Minor Destruction, Lesser Servant of Makhleb, Renounce Religion


You were in a Gauntlet.
You worshipped Makhleb.
Makhleb was most pleased with you.
You were hungry.

You visited 3 branches of the dungeon, and saw 14 of its levels.
You also visited: Gauntlet.

You collected 447 gold pieces.

Inventory:

Hand Weapons
 a - a +1 war axe
 J - a +1 war axe of freezing (weapon)
   (You found it on level 9 of the Dungeon)
Missiles
 A - 4 throwing nets (quivered)
Armour
 b - a +0 scale mail
 c - a +0 kite shield (worn)
 o - a +2 pair of boots (worn)
   (You found it on level 2 of the Dungeon)
 v - a +2 helmet (worn)
   (You found it on level 6 of the Dungeon)
 D - a +0 pair of gloves (worn)
   (You found it on level 7 of the Dungeon)
 F - a +0 chain mail (worn)
   (You took it off an orc priest on level 9 of the Dungeon)
Jewellery
 p - an uncursed ring of ice
   (You found it on level 6 of the Dungeon)
Wands
 j - a wand of clouds (3)
   (You found it on level 2 of the Lair of Beasts)
 s - a wand of acid (12)
   (You found it on level 7 of the Dungeon)
 y - a wand of paralysis (9)
   (You found it on level 6 of the Dungeon)
 H - a wand of enslavement (11)
   (You found it on level 6 of the Dungeon)
Scrolls
 i - 3 scrolls of fear
 m - 2 scrolls of enchant weapon
 r - a scroll of identify
 t - a scroll of teleportation
 x - 2 scrolls of remove curse
 z - a scroll of fog
Potions
 d - 2 potions of might
 f - 2 potions of mutation
 g - 2 potions of berserk rage
 h - 3 potions of haste
 k - 4 potions of stabbing
 l - a potion of invisibility
 n - a potion of flight
 q - 2 potions of curing
 u - 3 potions of magic
 w - 2 potions of heal wounds
 G - 2 potions of ambrosia
 I - a potion of resistance {unknown}
Comestibles
 e - 17 rations


   Skills:
 + Level 7.6 Fighting
 * Level 12.1 Axes
 + Level 9.2 Armour
 + Level 9.2 Shields
 + Level 8.9 Invocations


You had 10 spell levels left.
You didn't know any spells.
Your spell library was empty.

Dungeon Overview and Level Annotations

Branches:
Dungeon (10/15)            Temple (1/1) D:5            Lair (3/6) D:8
 Shoals (0/4) Lair:2        Snake (0/4) Lair:2      Gauntlet (1/1)
    Orc: D:9-12

Altars:
Ashenzari
Dithmenos
Elyvilon
Fedhas
Gozag
Hepliaklqana
Kikubaaqudgha
Makhleb
Nemelex Xobeh
Okawaru
Trog
Uskayaw
Wu Jian
Xom
Yredelemnul
Zin
The Shining One

Shops:
D:9 :

Annotations:
D:4 2 transporters, Lanoc's ghost, amateur GnWn
D:7 2 transporters
D:9 3 runed translucent doors
Lair:1 exclusion: oklob plant
Lair:2 2 transporters, Xaosum's ghost, journeyman OgFE Gauntlet 17 runed translucent doors, 11 transporters


Innate Abilities, Weirdness & Mutations

You are resistant to damage.
You can heal yourself by infusing magical energy.
You passively map the area around you.
You do not regenerate.


Message History

The gargoyle hits you but does no damage.
You block the catoblepas's attack.
The gargoyle hits you with a +1 flail of holy wrath!
Unknown command.
You slash the catoblepas! You freeze the catoblepas.
The catoblepas is heavily wounded.
You barely miss the gargoyle. You hit the gargoyle. You freeze the gargoyle.
Unknown command.
Your chain mail prevents you from hitting the catoblepas.
The catoblepas is heavily wounded.
You closely miss the gargoyle. You hit the gargoyle. You freeze the gargoyle.
You are no longer berserk.
You are exhausted.
You feel yourself slow down. The catoblepas gores you!
* * * LOW HITPOINT WARNING * * *
The gargoyle hurls a stone arrow at you.
The stone arrow hits you!
* * * LOW HITPOINT WARNING * * *
The gargoyle hits you with a +1 flail of holy wrath!
You die...

....##$D#...#..+.©.+..#..#
.###.##.#.∩.#..+...+..#..###
##.##.#.#...#++#'#+#++#..#8#
#.#.#.#.#...#..+...+..#..###
#.#©#.#.#...#..+...+..#..#
#.#.#.#.#...#++#=.§#++#..###
#.##.##.#...#..#§§'#..#..#8#
##.###..#...#..9Y§§§§§#..###
h##.....#...#..)@9=...#..#
#########...###########..###
..........≈....#.©.#.....#8#
.........≈8≈...#...#.8...###
..........≈....#.©.#.....#
#########...###########..###
..##.#..#...#...t#....#..#8#
##.#..###...#...#.#...#..###
.##.P#.##...#..#P©P#..#..#


You could see a catoblepas, a ghost crab and 2 gargoyles.

Vanquished Creatures
  Harold (D:8)
  Urug (Lair:3)
  Sonja (Lair:3)
  Pikel (D:8)
  A black mamba (Lair:1)
  Psyche (D:8)
  A torpor snail (Lair:2)
  Maggie (D:8)
  A molten gargoyle (Gauntlet)
  2 spiny frogs
  2 komodo dragons
  A merfolk (D:9)
  A hornet (D:9)
  A polar bear (Lair:2)
  Prince Ribbit (D:8)
  2 hippogriffs
  A snapping turtle (Lair:2)
  3 dream sheep (Lair:2)
  2 wyverns
  9 yaks
  A steam dragon (Lair:3)
  Menkaure (D:5)
  4 nagas (Lair:2)
  4 water moccasins
  2 porcupines
  A black bear (D:7)
  An ice beast (D:8)
  4 sky beasts
  2 phantoms
  2 ogres
  A centaur (D:5)
  2 crocodiles
  A big kobold (D:8)
  8 bullfrogs
  4 scorpions
  A water moccasin skeleton (D:4)
  3 howler monkeys
  4 crimson imps
  A centaur skeleton (D:6)
  A bullfrog zombie (D:8)
  A bullfrog skeleton (D:8)
  3 orc priests
  2 hounds
  2 jellies (D:5)
  2 orc wizards (D:9)
  6 worker ants
  A hound zombie (D:5)
  4 gnolls (D:4)
  3 adders
  A shadow imp (D:9)
  An ooze (D:4)
  An adder zombie (D:5)
  2 adder skeletons
  A worm (D:5)
  A dart slug (D:2)
  4 leopard geckos
  16 orcs
  6 giant cockroaches
  A goblin (D:2)
  6 hobgoblins
  7 jackals
  9 kobolds
  4 quokkas
  4 bats
  A frilled lizard (D:2)
  2 gnoll zombies (D:6)
  A leopard gecko skeleton (D:4)
  A leopard gecko zombie (D:7)
  5 rats
180 creatures vanquished.

Vanquished Creatures (others)
  2 slaves (D:8)
  A kobold (D:8)
  6 withered plants (Gauntlet)
9 creatures vanquished.

Grand Total: 189 creatures vanquished

Notes
Turn   | Place    | Note
-------+----------+-------------------------------------------
     0 | D:1      | Flugslaktarn the Deep Dwarf Fighter began the quest for the
                  | Orb.
     0 | D:1      | Reached XP level 1. HP: 20/20 MP: 1/1
    81 | D:1      | Reached XP level 2. HP: 27/27 MP: 2/2
   270 | D:2      | Reached skill level 3 in Axes
   270 | D:2      | Reached XP level 3. HP: 28/33 MP: 3/3
   469 | D:4      | Noticed Lanoc's ghost (amateur GnWn)
   474 | D:4      | Found a transporter.
   494 | D:4      | Found a transporter.
   506 | D:4      | Noticed a hippogriff
   529 | D:4      | Killed a hippogriff
   529 | D:4      | Reached skill level 4 in Axes
   529 | D:4      | Reached XP level 4. HP: 29/42 MP: 4/4
   529 | D:4      | Reached XP level 5. HP: 34/49 MP: 5/5
   638 | D:4      | Reached XP level 6. HP: 39/56 MP: 6/6
   782 | D:4      | Reached skill level 5 in Axes
   938 | D:4      | Found a sparkling altar of Nemelex Xobeh.
   958 | D:5      | Entered Level 5 of the Dungeon
  1011 | D:5      | Noticed Menkaure
  1028 | D:5      | Killed Menkaure
  1028 | D:5      | Reached skill level 5 in Armour
  1028 | D:5      | Reached skill level 5 in Shields
  1028 | D:5      | Reached XP level 7. HP: 20/64 MP: 5/5
  1054 | D:5      | Reached skill level 6 in Axes
  1103 | D:5      | Found a staircase to the Ecumenical Temple.
  1112 | Temple   | Entered the Ecumenical Temple
  1184 | Temple   | Became a worshipper of Makhleb the Destroyer
  1249 | D:5      | Reached skill level 1 in Invocations
  1345 | D:5      | Found a white marble altar of Elyvilon.
  1714 | D:6      | Reached XP level 8. HP: 45/73 MP: 4/6
  1737 | D:6      | Found a glowing golden altar of the Shining One.
  1862 | D:6      | Found a shimmering altar of Xom.
  1863 | D:6      | Found a hazy altar of Hepliaklqana.
  1888 | D:6      | Noticed a spectral ugly thing
  1949 | D:6      | Reached skill level 7 in Axes
  2094 | D:6      | Reached * piety under Makhleb
  2094 | D:6      | Reached skill level 5 in Fighting
  2187 | D:6      | Found a basalt altar of Yredelemnul.
  2275 | D:7      | Found a transporter.
  2309 | D:7      | Found a transporter.
  2866 | D:8      | Reached skill level 8 in Axes
  2890 | D:8      | Gained mutation: You passively map the area around you.
                  | [Deep Dwarf growth]
  2890 | D:8      | Reached XP level 9. HP: 46/81 MP: 8/8
  2947 | D:8      | Noticed Prince Ribbit
  2948 | D:8      | Noticed Pikel
  2971 | D:8      | Noticed Maggie
  2984 | D:8      | Killed Pikel
  3000 | D:8      | Killed Maggie
  3000 | D:8      | Reached skill level 9 in Axes
  3000 | D:8      | Reached skill level 5 in Invocations
  3072 | D:8      | Found a staircase to the Lair.
  3151 | D:8      | Noticed Harold
  3174 | D:8      | Killed Harold
  3174 | D:8      | Killed Prince Ribbit
  3193 | D:8      | Reached ** piety under Makhleb
  3197 | D:8      | Reached XP level 10. HP: 52/91 MP: 10/10
  3226 | D:8      | Found an ancient bone altar of Kikubaaqudgha.
  3277 | D:8      | Noticed Psyche
  3287 | D:8      | Killed Psyche
  3374 | D:8      | Found a hide-covered altar of Uskayaw.
  3468 | D:9      | Reached skill level 10 in Axes
  3735 | D:9      | Found Mikutyff's Book Shoppe.
  3838 | D:9      | Found a blossoming altar of Fedhas.
  4307 | D:9      | Found a runed translucent gate.
  4308 | D:9      | Found a runed translucent gate.
  4309 | D:9      | Found a runed translucent gate.
  4309 | D:9      | Noticed a white ugly thing
  4309 | D:9      | Noticed a purple ugly thing
  4310 | D:9      | Noticed a glowing orange brain
  4311 | D:9      | Noticed a cyan very ugly thing
  4311 | D:9      | Noticed a brown ugly thing
  4426 | D:10     | Entered Level 10 of the Dungeon
  4491 | Lair:1   | Entered Level 1 of the Lair of Beasts
  4496 | Lair:1   | Noticed a black mamba
  4512 | Lair:1   | Killed a black mamba
  4576 | Lair:1   | Noticed an oklob plant
  4594 | Lair:1   | Reached *** piety under Makhleb
  4739 | Lair:2   | Noticed a spiny frog
  4739 | Lair:2   | Noticed a torpor snail
  4752 | Lair:2   | HP: 3/92 [poisoned by a spiny frog]
  4762 | Lair:2   | Killed a torpor snail
  4762 | Lair:2   | Reached skill level 11 in Axes
  4823 | Lair:2   | Found a transporter.
  4876 | Lair:2   | Killed a spiny frog
  4881 | Lair:2   | Reached XP level 11. HP: 90/100 MP: 11/11
  4942 | Lair:2   | Found a staircase to the Snake Pit.
  5157 | Lair:2   | Found a transporter.
  5176 | Lair:2   | Noticed Xaosum's ghost (journeyman OgFE)
  5271 | Lair:2   | Found a staircase to the Shoals.
  5398 | Lair:3   | Noticed Sonja
  5404 | Lair:3   | Killed Sonja
  5535 | Lair:3   | Found a gate leading to a gauntlet.
  5537 | Lair:3   | Noticed Urug
  5565 | Lair:3   | Killed Urug
  5565 | Lair:3   | Reached skill level 12 in Axes
  5570 | Gauntlet | Entered a Gauntlet
  5570 | Gauntlet | Found a large runed translucent door.
  5570 | Gauntlet | Found a large runed translucent door.
  5570 | Gauntlet | Found a large runed translucent door.
  5570 | Gauntlet | Found a large runed translucent door.
  5570 | Gauntlet | Found a runed translucent door.
  5570 | Gauntlet | Found a large runed translucent door.
  5570 | Gauntlet | Found a large runed translucent door.
  5570 | Gauntlet | Found a transporter.
  5570 | Gauntlet | Found a transporter.
  5570 | Gauntlet | Found a large runed translucent door.
  5570 | Gauntlet | Found a large runed translucent door.
  5570 | Gauntlet | Found a runed translucent gate.
  5570 | Gauntlet | Found a runed translucent gate.
  5570 | Gauntlet | Found a transporter.
  5570 | Gauntlet | Noticed a catoblepas
  5574 | Gauntlet | Found a transporter.
  5575 | Gauntlet | Found a runed translucent gate.
  5575 | Gauntlet | Found a runed translucent door.
  5579 | Gauntlet | Found a large runed translucent door.
  5579 | Gauntlet | Found a large runed translucent door.
  5583 | Gauntlet | Noticed a ghost crab
  5588 | Gauntlet | Found a transporter.
  5615 | Gauntlet | Found a large runed translucent door.
  5615 | Gauntlet | Found a large runed translucent door.
  5618 | Gauntlet | Found a large runed translucent door.
  5618 | Gauntlet | Found a large runed translucent door.
  5619 | Gauntlet | Found a large runed translucent door.
  5620 | Gauntlet | Found a large runed translucent door.
  5649 | Gauntlet | Found a transporter.
  5658 | Gauntlet | Noticed a tengu warrior
  5659 | Gauntlet | Found a transporter.
  5674 | Gauntlet | Found a transporter.
  5684 | Gauntlet | Found a transporter.
  5699 | Gauntlet | Found a transporter.
  5705 | Gauntlet | Found the +12 Vampire's Tooth {vamp}
  5705 | Gauntlet | Found a transporter.
  5707 | Gauntlet | Noticed a death ooze
  5730 | Gauntlet | Found a transporter.
  5794 | Gauntlet | Slain by a gargoyle

Illustrated notes

Levels and vault maps discovered:
D:1:      minmay_arrival_glassed_features, layout_basic, minmay_misc_feat_roman,
          minmay_split_cup_small
D:2:      layout_rooms, chequers_hall_statues_y, eino_tiny_chamber,
          dk_vineyard_1
D:3:      layout_basic, gammafunk_temple_overflow_elements, cheibriados_altar_1,
          fiery_altar_vehumet, first_ration
D:4:      layout_basic, gammafunk_ghost_mausoleum, minmay_door_square,
          nemelex_diamond_rough_becter
D:5:      layout_cave_pools, marbit_many_paths, temple_statues, uniq_menkaure
D:6:      layout_rooms, regret_index_temple_of_mockery,
          nicolae_overflow_crystal_walls, lemuel_zombie_altar_yredelemnul
D:7:      gammafunk_steamed_eel, layout_basic, nicolae_overflow_hidden_temple
D:8:      layout_rooms, lemuel_doored_altar, eat_drink_and_be_merry_uskayaw,
          lair_entry_dummy, uniq_psyche, uniq_maggie, uniq_pikel,
          uniq_prince_ribbit1, uniq_harold
D:9:      layout_basic, fedhas_altar_1, serial_shops, shop,
          ploomutoo_gammafunk_ghost_potion_laboratory, hangedman_fish_farm
D:10:     layout_long_grid, nicolae_qazlal_general_emergency
Temple:   dpeg_three_leaves_temple
Lair:1:   layout_regular_city, hibernation_bobbens, grunt_megastairs_2,
          minmay_lair_oklob_chamber
Lair:2:   layout_cave_shapes, minmay_shoals_entry_hut,
          guppyfry_snake_entry_garden, gammafunk_ghost_hive
Lair:3:   layout_cave_pods, gauntlet_entry_generic,
          nicolae_quartered_pool_little, grunt_megastairs_3,
          infiniplex_staircase_pool_2, uniq_sonja, uniq_urug
Gauntlet: gammafunk_gauntlet_shortcut
          [minmay_gauntlet_arena_make_your_own_arena,
          gammafunk_gauntlet_arena_arrow_garden,
          gammafunk_gauntlet_arena_spirals, gammafunk_gauntlet_arena_grid,
          gammafunk_gauntlet_arena_split_diamond,
          gammafunk_gauntlet_arena_mazey, gauntlet_exit_hidden_loot]

Skill      XL: |  1  2  3  4  5  6  7  8  9 10 11 |
---------------+----------------------------------+-----
Axes           | 3 4 5 6 8 9 11 12 | 12.1
Fighting       | 3 4 5 6 7 |  7.6
Armour         | 4 5 6 7 8 9 |  9.2
Shields        | 4 5 6 7 8 9 |  9.2
Invocations    | 1 3 6 7 8 |  8.9

Action                   |  1- 3 |  4- 6 |  7- 9 | 10-12 || total
-------------------------+-------+-------+-------+-------++-------
Melee: War axe           |    91 |    74 |   272 |   352 ||   789
 Abil: Heal Wounds       |     2 |     6 |    10 |    12 ||    30
Evoke: Wand              |       |       |     1 |     4 ||     5
  Use: Scroll            |     6 |     4 |     3 |    13 ||    26
       Potion            |       |       |       |     2 ||     2
 Stab: Paralysed         |       |       |       |     8 ||     8
  Eat: Chunk             |       |     1 |     4 |     8 ||    13
       Ration            |       |       |     1 |       ||     1
Armor: Scale mail        |    73 |    29 |   124 |    70 ||   296
       Chain mail        |       |       |       |   120 ||   120
Dodge: Dodged            |    47 |    22 |    75 |    99 ||   243
Block: Kite shield       |    71 |    36 |   149 |   180 ||   436

Table legend:
 A = Non-vault XP
 B = Vault XP
 C = Vault XP percentage of total XP
 D = Non-vault monster count
 E = Vault monster count
 F = Vault count percentage of total count
                 A         B        C        D         E       F
            +---------+---------+-------+---------+---------+-------
      Total |   11322 |    6434 |  36.2 |     158 |      22 |  12.2
            +---------+---------+-------+---------+---------+-------
        D:1 |      12 |       5 |  29.4 |       7 |       3 |  30.0
        D:2 |      45 |       0 |   0.0 |      19 |       0 |   0.0
        D:3 |       4 |       0 |   0.0 |       2 |       0 |   0.0
        D:4 |     577 |       0 |   0.0 |      11 |       0 |   0.0
        D:5 |     579 |     172 |  22.9 |      18 |       1 |   5.3
        D:6 |     847 |       3 |   0.4 |      17 |       2 |  10.5
        D:7 |     263 |       0 |   0.0 |       5 |       0 |   0.0
        D:8 |     878 |    2717 |  75.6 |      23 |       5 |  17.9
        D:9 |    1164 |     301 |  20.5 |      26 |       1 |   3.7
       D:10 |     201 |       0 |   0.0 |       1 |       0 |   0.0
     Lair:1 |    1206 |     201 |  14.3 |       5 |       1 |  16.7
     Lair:2 |    3186 |     890 |  21.8 |      13 |       5 |  27.8
     Lair:3 |    2360 |    1803 |  43.3 |      11 |       3 |  21.4
   Gauntlet |       0 |     342 | 100.0 |       0 |       1 | 100.0
            +---------+---------+-------+---------+---------+-------
